 Dungeon Crawl Stone Soup version 0.22.0-6-g71bd7aa6b3 (webtiles) character file.

18511 GordonOverkill the Thaumaturge (level 12, -5/94 HPs)
             Began as a Mummy Summoner on Aug 15, 2018.
             Was an Initiate of Gozag.
             Slain by a meliai
             ... wielding a +0 hand axe
              (9 damage)
             ... on level 5 of the Lair of Beasts.
             The game lasted 01:04:45 (26025 turns).

GordonOverkill the Thaumaturge (Mummy Summoner)    Turns: 26025, Time: 01:04:46

Health: -5/94      AC:  9    Str: 11    XL:     12   Next: 28%
Magic:  15/30      EV: 13    Int: 19    God:    Gozag
Gold:   120        SH:  0    Dex: 19    Spells: 21/39 levels left

rFire    . . .     SeeInvis .   a - +2 spear (flame)
rCold    + . .     Gourm    .   (no shield)
rNeg     + + +     Faith    .   p - +1 robe {rC+}
rPois    ∞         Spirit   .   A - +2 hat {MR+}
rElec    .         Reflect  .   k - +2 cloak
rCorr    .         Harm     .   j - +0 pair of gloves
MR       ++...                  (no boots)
Stlth    ++........             l - amulet of magic regeneration
HPRegen  0.25/turn              f - ring of wizardry
MPRegen  0.47/turn              c - ring of Gity {Fire +Fly Dex+6}

@: flying, hasted, very quick
A: no food or potions, fire vulnerability, cold resistance 1, negative energy
resistance 3, torment resistance, unbreathing
a: Potion Petition, Call Merchant, Bribe Branch, Renounce Religion


You were on level 5 of the Lair of Beasts.
You worshipped Gozag.
Gozag was aware of your devotion.
You were not hungry.

You visited 3 branches of the dungeon, and saw 16 of its levels.

You collected 3307 gold pieces.
You spent 634 gold pieces at shops.
You paid 2553 gold pieces to Gozag.

Inventory:

Hand Weapons
 a - a +2 spear of flaming (weapon)
 b - the +5 dagger "Seepnuc" {pierce, rPois Str+4}
   (You found it on level 3 of the Lair of Beasts)

   It inflicts extra damage upon your enemies.
   It affects your strength (+4).
   It protects you from poison.
 u - a +0 dagger of protection
Armour
 j - a +0 pair of gloves (worn)
 k - a +2 cloak (worn)
 p - a +1 robe of cold resistance (worn)
 A - a +2 hat of magic resistance (worn)
Jewellery
 c - the ring of Gity (right hand) {Fire +Fly Dex+6}
   (You found it on level 2 of the Lair of Beasts)

   [ring of fire]

   It enhances your fire magic.
   It affects your dexterity (+6).
   It protects you from fire.
   It makes you vulnerable to cold.
   It lets you fly.
 f - a ring of wizardry (left hand)
 l - an amulet of magic regeneration (around neck)
 B - the ring of Teicits {rElec rPois rN+ Str+2 Int+3}
   (You bought it in a shop on level 5 of the Lair of Beasts)

   [ring of intelligence]

   It affects your strength (+2).
   It affects your intelligence (+3).
   It insulates you from electricity.
   It protects you from poison.
   It protects you from negative energy.
Wands
 g - a wand of acid (9)
 n - a wand of digging (14)
 s - a wand of paralysis (16)
 t - a wand of iceblast (12)
 w - a wand of flame (29)
 x - a wand of polymorph (6)
 y - a wand of disintegration (37)
 z - a wand of random effects (29)
Scrolls
 d - 3 scrolls of immolation
 h - 3 scrolls of fog
 i - 2 scrolls of enchant weapon
 m - 3 scrolls of identify
 o - 8 scrolls of remove curse
 q - a scroll of magic mapping
 r - 3 scrolls of amnesia


   Skills:
 + Level 8.3 Fighting
 - Level 2.0 Dodging
 - Level 1.5 Stealth
 - Level 14.0 Spellcasting
 + Level 2.6 Conjurations
 - Level 12.0 Summonings


You had 21 spell levels left.
You knew the following spells:

 Your Spells              Type           Power        Failure   Level  Hunger
a - Summon Small Mammal   Summ           ####         1%          1    N/A
b - Call Imp              Summ           ######..     1%          2    N/A
c - Summon Lightning Spi  Summ/Air       #####...     1%          4    N/A
d - Summon Ice Beast      Ice/Summ       #####...     1%          4    N/A
e - Orb of Destruction    Conj           ###.......   99%         7    N/A

Your spell library contained the following spells:

 Spells                   Type           Power        Failure   Level  Hunger
 Cause Fear               Hex            ##........   19%         4    N/A
 Lightning Bolt           Conj/Air       ###.......   32%         5    N/A
 Bolt of Magma            Conj/Fire/Erth ###.......   34%         5    N/A
 Slow                     Hex            ##......     3%          2    N/A
 Venom Bolt               Conj/Pois      ###.......   32%         5    N/A
 Iron Shot                Conj/Erth      ###.......   85%         6    N/A
 Shock                    Conj/Air       ###.         1%          1    N/A
 Swiftness                Chrm/Air       ##......     3%          2    N/A
 Airstrike                Air            ##........   19%         4    N/A
 Call Canine Familiar     Summ           ######..     1%          3    N/A
 Static Discharge         Conj/Air       ###.....     3%          3    N/A
 Corona                   Hex            ##.....      1%          1    N/A
 Portal Projectile        Hex/Tloc       ##....       6%          3    N/A
 Leda's Liquefaction      Hex/Erth       ##........   19%         4    N/A
 Inner Flame              Hex/Fire       ###.....     6%          3    N/A
 Iskenderun's Battlesphe  Conj/Chrm      ###.....     32%         5    N/A
 Summon Guardian Golem    Hex/Summ       #####...     1%          3    N/A
 Spellforged Servitor     Conj/Summ      #####.....   61%         7    N/A

Dungeon Overview and Level Annotations

Branches:
Dungeon (10/15)            Temple (1/1) D:5            Lair (5/6) D:8
 Shoals (0/4) Lair:4       Spider (0/4) Lair:2          Orc (0/2) D:10
  Slime: Lair:5-6

Altars:
Ashenzari
Cheibriados
Dithmenos
Elyvilon
Fedhas
Gozag
Hepliaklqana
Kikubaaqudgha
Nemelex Xobeh
Okawaru
Qazlal
Ru
Sif Muna
Trog
Uskayaw
Vehumet
Xom
Yredelemnul

Shops:
Lair:5 =

Annotations:
D:2 Sigmund


Innate Abilities, Weirdness & Mutations

You do not eat or drink.
Your flesh is vulnerable to fire.
You are immune to poison.
Your flesh is cold resistant. (rC+)
You are immune to negative energy. (rN+++)
You are immune to unholy pain and torment.
You can survive without breathing.


Message History

You feel as though your hastened speed will last longer.
You feel more buoyant.
The blink frog hits you but does no damage.
The rime drake completely misses you.
The meliai calls down the wrath of its god upon you.
Something smites you!
* * * LOW HITPOINT WARNING * * *
The blink frog blinks!
The ice encasing you melts away.
The blink frog blinks! x2
Okay, then.
The meliai closely misses you. The meliai stings you.
* * * LOW HITPOINT WARNING * * *
As you read the scroll labeled BEERAU HAUDULI, it crumbles to dust.
The dust glows pulsating gridelin!
It was a scroll of random uselessness.
The blink frog hits you!
* * * LOW HITPOINT WARNING * * *
The meliai hits you with a hand axe!
You die...
Your body crumbles into a pile of gold.

##........ ....
.####.##........
P.#..........#P.#..#........
..#..........#.....#........
..............................
......y....§..................
......§P...§.§................
.....P§§§§§§§§................
.$....§.§§§§k@§...... ........
.....§§§§§§.yFF...... .......
.....§y§§§§.....#.... ......
.....§§§§§§....P# ... .....
PP..#...§.§.§...# # ...
##..............## ...
####........F...# $ ..
#...8.......## .
#..$.......#.#


You could see 3 blink frogs, a rime drake, a meliai and a friendly lightning
spire.

Vanquished Creatures
  A centaur zombie (D:10)
  A rime drake (Lair:2)
  A troll (D:10)
  4 blink frogs
  A hippogriff (Lair:4)
  5 yaks
  Menkaure (D:6)
  2 soldier ants (D:6)
  A slave (D:5)
  A crocodile (Lair:2)
  2 bullfrogs
  2 scorpions
  A bullfrog zombie (D:10)
  A bullfrog skeleton (D:5)
  2 worker ants
  A killer bee zombie (D:9)
  A hound zombie (D:5)
  2 adders
  A crocodile simulacrum (Lair:2)
  A shadow imp (D:6)
  An ooze (D:3)
  An adder skeleton (D:5)
  2 worms
  A leopard gecko (D:2)
  An orc (D:3)
  3 ball pythons
  2 giant cockroaches (D:6)
  2 goblins (D:1)
  3 hobgoblins
  4 jackals
  6 kobolds
  A quokka (D:8)
  6 bats
  3 frilled lizards (D:2)
  8 rats
  2 butterflies (D:6)
  A fungus (D:5)
  A plant (Lair:3)
80 creatures vanquished.

Vanquished Creatures (collateral kills)
  Gastronok (Lair:1)
  The ghost of Vyulalesiu the Grappler, a journeyman TrFi of Ru (Lair:2)
  5 hydras
  An ice dragon (Lair:2)
  A catoblepas (Lair:4)
  5 death yaks
  Nergalle (Lair:2)
  Pikel (D:5)
  2 oklob plants (Lair:3)
  3 black mambas
  7 spiny frogs
  A gargoyle (D:10)
  3 komodo dragons
  3 rime drakes
  A polar bear (Lair:3)
  A meliai (Lair:5)
  12 blink frogs
  5 hippogriffs
  Prince Ribbit (Lair:2)
  17 yaks
  2 wyverns (Lair:4)
  2 hungry ghosts
  The ghost of tidbits the Slasher, an amateur GnWn (D:4)
  A basilisk (Lair:4)
  3 wargs (D:8)
  Edmund (D:5)
  4 water moccasins
  7 porcupines
  3 ice beasts
  2 orc warriors
  3 black bears
  4 sky beasts
  A phantom (D:5)
  A black mamba simulacrum (Lair:2)
  2 necrophages
  4 ogres
  8 wolves (Lair:3)
  3 centaurs
  11 crocodiles
  A big kobold (D:9)
  6 bullfrogs
  A spiny frog simulacrum (Lair:2)
  4 killer bees (Lair:5)
  A blink frog simulacrum (Lair:2)
  3 scorpions
  A rime drake simulacrum (Lair:2)
  A howler monkey (D:5)
  3 electric eels
  7 crimson imps
  A bullfrog zombie (D:8)
  5 jellies
  A centaur skeleton (D:2)
  2 bullfrog skeletons
  8 hounds
  2 orc priests (D:8)
  5 orc wizards
  2 iguanas
  A statue (D:4)
  9 worker ants
  A hound zombie (D:6)
  2 porcupine simulacra (Lair:2)
  A worker ant zombie (D:5)
  14 adders
  2 crocodile simulacra (Lair:2)
  4 shadow imps
  2 oozes
  3 adder zombies
  An adder skeleton (D:6)
  3 worms
  A dart slug (D:1)
  5 leopard geckos
  19 orcs
  5 bats
  6 giant cockroaches
  5 goblins
  4 hobgoblins (D:1)
  16 jackals
  6 kobolds
  3 quokkas
  9 frilled lizards
  A quokka zombie (D:7)
  2 rats
  A butterfly (D:6)
  A fungus (Lair:2)
316 creatures vanquished.

Vanquished Creatures (others)
  Crazy Yiuf (D:5)
  A bush (Lair:2)
  4 fungi
  6 plants
12 creatures vanquished.

Grand Total: 408 creatures vanquished

Notes
Turn   | Place    | Note
-------+----------+-------------------------------------------
     0 | D:1      | GordonOverkill the Mummy Summoner began the quest for the Orb.
     0 | D:1      | Reached XP level 1. HP: 13/13 MP: 4/4
    55 | D:1      | Found a shattered altar of Ashenzari.
   392 | D:1      | Reached skill level 3 in Spellcasting
   402 | D:1      | Reached XP level 2. HP: 10/20 MP: 1/6
  1154 | D:1      | Learned a level 2 spell: Call Imp
  1696 | D:2      | Reached XP level 3. HP: 25/25 MP: 6/8
  1894 | D:2      | Reached skill level 1 in Fighting
  2026 | D:2      | Noticed Sigmund
  2191 | D:2      | Reached skill level 4 in Spellcasting
  2292 | D:2      | Found a shimmering altar of Xom.
  2376 | D:2      | Reached XP level 4. HP: 32/32 MP: 2/10
  3750 | D:3      | Found a stormy altar of Qazlal.
  4156 | D:4      | Reached XP level 5. HP: 37/38 MP: 3/12
  4296 | D:4      | Noticed an ogre
  4303 | D:4      | Killed an ogre
  4303 | D:4      | Reached skill level 5 in Spellcasting
  4525 | D:4      | Learned a level 4 spell: Summon Lightning Spire
  4530 | D:4      | Learned a level 4 spell: Summon Ice Beast
  5169 | D:4      | Found a large runed door.
  5169 | D:4      | Found a large runed door.
  5176 | D:4      | Reached XP level 6. HP: 41/46 MP: 9/14
  5349 | D:4      | Found a radiant altar of Vehumet.
  5357 | D:4      | You fall through a shaft!
  5357 | D:5      | Entered Level 5 of the Dungeon
  5580 | D:4      | Noticed tidbits's ghost (amateur GnWn)
  5600 | D:4      | Killed tidbits's ghost
  5600 | D:4      | Reached skill level 6 in Spellcasting
  6140 | D:5      | Noticed a sky beast
  6140 | D:5      | Noticed a sky beast
  6214 | D:4      | Killed a sky beast
  6667 | D:4      | Killed a sky beast
  6768 | D:5      | Reached XP level 7. HP: 52/52 MP: 12/17
  7078 | D:5      | Reached skill level 7 in Spellcasting
  7730 | D:5      | Found a staircase to the Ecumenical Temple.
  7763 | Temple   | Entered the Ecumenical Temple
  7770 | Temple   | Became a worshipper of Gozag Ym Sagoz the Greedy
  7780 | D:5      | Noticed Edmund
  7793 | D:5      | Killed Edmund
  8082 | D:5      | Found a runed door.
  8086 | D:5      | Noticed Crazy Yiuf
  8086 | D:5      | Noticed Pikel
  8140 | D:5      | Killed Pikel
  8140 | D:5      | Reached skill level 8 in Spellcasting
  8140 | D:5      | Reached skill level 5 in Summonings
  8140 | D:5      | Reached XP level 8. HP: 38/61 MP: 1/20
  8144 | D:5      | Killed Crazy Yiuf
  8303 | D:6      | Found a blossoming altar of Fedhas.
  8472 | D:6      | Found a sparkling altar of Nemelex Xobeh.
  8599 | D:6      | Reached skill level 9 in Spellcasting
  8897 | D:6      | Noticed Menkaure
  8913 | D:6      | Reached skill level 5 in Fighting
  8954 | D:6      | Killed Menkaure
  9083 | D:6      | Found a runed door.
  9100 | D:6      | Found a runed door.
  9526 | D:6      | Reached skill level 10 in Spellcasting
  9754 | D:7      | Reached XP level 9. HP: 68/68 MP: 21/23
 11007 | D:8      | Found a staircase to the Lair.
 13386 | D:9      | Found a white marble altar of Elyvilon.
 13737 | D:9      | Found an ancient bone altar of Kikubaaqudgha.
 13737 | D:9      | Found a hide-covered altar of Uskayaw.
 13862 | D:10     | Entered Level 10 of the Dungeon
 14059 | D:10     | Noticed a troll
 14073 | D:10     | Killed a troll
 14073 | D:10     | Reached XP level 10. HP: 74/74 MP: 13/24
 14162 | D:10     | Noticed a gargoyle
 14179 | D:10     | Killed a gargoyle
 14735 | D:10     | Reached skill level 11 in Spellcasting
 15582 | D:10     | Found a staircase to the Orcish Mines.
 15737 | Lair:1   | Entered Level 1 of the Lair of Beasts
 15747 | Lair:1   | Found a stormy altar of Qazlal.
 15937 | Lair:1   | Noticed a spiny frog
 15942 | Lair:1   | Killed a spiny frog
 15942 | Lair:1   | Reached skill level 10 in Summonings
 16195 | Lair:1   | Noticed Gastronok
 16234 | Lair:1   | Killed Gastronok
 16234 | Lair:1   | Reached skill level 12 in Spellcasting
 16674 | Lair:1   | Noticed an eight-headed hydra
 16859 | Lair:1   | Killed an eight-headed hydra
 17043 | Lair:1   | Noticed a spiny frog
 17057 | Lair:1   | Killed a spiny frog
 17057 | Lair:1   | Reached XP level 11. HP: 46/80 MP: 21/27
 17321 | Lair:1   | Reached skill level 13 in Spellcasting
 17461 | Lair:2   | Found a runed gate.
 17461 | Lair:2   | Found a runed gate.
 17461 | Lair:2   | Found a runed gate.
 17547 | Lair:2   | Noticed a seven-headed hydra
 17828 | Lair:2   | Noticed a death yak
 17828 | Lair:2   | Noticed a death yak
 17828 | Lair:2   | Noticed a death yak
 17828 | Lair:2   | Noticed a death yak
 17828 | Lair:2   | Noticed a death yak
 17930 | Lair:1   | Killed a death yak
 17939 | Lair:1   | Killed a death yak
 18099 | Lair:1   | Killed a death yak
 18308 | Lair:2   | Killed a seven-headed hydra
 18356 | Lair:2   | Noticed a five-headed hydra
 18361 | Lair:2   | Killed a five-headed hydra
 18405 | Lair:2   | Found a hole to the Spider Nest.
 18487 | Lair:2   | Noticed Prince Ribbit
 18504 | Lair:2   | Killed Prince Ribbit
 18918 | Lair:2   | Noticed an ice dragon
 18934 | Lair:2   | Noticed Nergalle
 18958 | Lair:2   | Killed Nergalle
 19249 | Lair:2   | Noticed Vyulalesiu's ghost (journeyman TrFi)
 19286 | Lair:2   | Killed a death yak
 19304 | Lair:2   | Killed a death yak
 20725 | Lair:2   | Got the ring of Gity {Fire}
 20726 | Lair:2   | Identified the ring of Gity {Fire +Fly Dex+6} (You found it on level 2 of the Lair of Beasts)
 20987 | Lair:2   | Found a hole to the Spider Nest.
 21206 | Lair:2   | Killed Vyulalesiu's ghost
 21315 | Lair:2   | Killed an ice dragon
 22266 | Lair:2   | HP: 2/84 [spiny frog (16)]
 22548 | Lair:3   | Noticed an oklob plant
 22548 | Lair:3   | Noticed an oklob plant
 22556 | Lair:3   | Killed an oklob plant
 22562 | Lair:3   | Killed an oklob plant
 22653 | Lair:3   | Got a bone dagger
 22654 | Lair:3   | Identified the +5 dagger "Seepnuc" {pierce, rPois Str+4} (You found it on level 3 of the Lair of Beasts)
 22776 | Lair:3   | Noticed a six-headed hydra
 22785 | Lair:3   | Killed a six-headed hydra
 22876 | Lair:3   | Reached skill level 14 in Spellcasting
 22881 | Lair:3   | Reached XP level 12. HP: 68/91 MP: 12/30
 22979 | Lair:3   | Learned a level 7 spell: Orb of Destruction
 23301 | Lair:3   | Noticed a four-headed hydra
 23310 | Lair:3   | Killed a four-headed hydra
 23551 | Lair:3   | Reached skill level 1 in Conjurations
 24464 | Lair:4   | Found a staircase to the Shoals.
 24586 | Lair:4   | Noticed a catoblepas
 25038 | Lair:4   | Killed a catoblepas
 25851 | Lair:5   | Bought the ring of Teicits {rElec rPois rN+ Str+2 Int+3} for 634 gold pieces
 26020 | Lair:5   | HP: 1/94 [blink frog (12)]
 26025 | Lair:5   | HP: 4/94 [blink frog (11)]
 26025 | Lair:5   | Slain by a meliai

Skill      XL: |  1  2  3  4  5  6  7  8  9 10 11 12 |
---------------+-------------------------------------+-----
Spellcasting   | 3 4 5 6 8 10 12 14 | 14.0
Fighting       | 1 2 3 4 5 7 8 |  8.3
Dodging        | 2 |  2.0
Summonings     | 4 5 6 9 10 11 12 | 12.0
Conjurations   | 2 |  2.6
Stealth        | |  1.5

Action                   |  1- 3 |  4- 6 |  7- 9 | 10-12 || total
-------------------------+-------+-------+-------+-------++-------
Melee: Club              |    48 |       |       |       ||    48
       Unarmed           |     5 |       |       |       ||     5
       War axe           |    28 |     2 |       |       ||    30
       Dagger            |       |    43 |    80 |     4 ||   127
       Spear             |       |    49 |   152 |   129 ||   330
 Cast: Summon Small Mamm |    86 |     3 |       |       ||    89
       Call Imp          |    12 |    61 |       |     4 ||    77
       Summon Lightning  |       |    20 |    90 |    93 ||   203
       Summon Ice Beast  |       |    11 |    35 |   270 ||   316
Invok: Potion Petition   |       |       |       |     7 ||     7
       Call Merchant     |       |       |       |     1 ||     1
Evoke: Wand              |       |       |       |     2 ||     2
  Use: Scroll            |       |     9 |     4 |    12 ||    25
 Stab: Distracted        |       |     4 |    11 |     4 ||    19
       Sleeping          |       |     1 |       |       ||     1
Armor: Robe              |    16 |       |    25 |    39 ||    80
       Leather armour    |    27 |    35 |    13 |       ||    75
Dodge: Dodged            |   105 |    86 |    61 |   117 ||   369
